AoeStats
← TheRatPatrol785

MegaRandom

505137635Analyzed
4v4 RM · 25d ago on Sep 8, 2026· 51m 19s· 8 players
Game mode
Random Map
Map size
Large (8 player)
Population
200
Speed
Normal
Resources
Standard
Victory
Conquest
Starting age
Dark Age
Ending age
Imperial Age
RankedLock teamsTeams togetherTeam positionsShared explorationLock speedFull tech treeHidden civsTurbo modeCheats
Victory
Defeat
🇺🇸 Spanish · United States
1040
+17
🇺🇸 Huns · United States
1036
+17
🇺🇸 Bulgarians · United States
1034
+17
🇺🇸 Franks · United States
1024
+17
🇦🇷 Malians · Argentina
1088
-18
🇦🇷 Inca · Argentina
1072
-18
🇺🇸 Poles · United States
1070
-18
🇵🇾 Vietnamese · Paraguay
990
-14
Showbiz8624
3:16 Loom
12:14 Feudal Age
14:23 Arson
14:32 Horse Collar
14:41 Double-Bit Axe
17:47 Forging
17:38 Scale Mail Armor
21:01 Castle Age
22:52 Chain Mail Armor
23:12 Iron Casting
23:43 Squires
23:49 Gambesons
25:05 Wheelbarrow
30:19 Stirrups
32:38 Scale Barding Armor
34:42 Hand Cart
38:45 Chain Barding Armor
38:16 Fletching
39:33 Bodkin Arrow
TheRatPatrol785
7:35 Loom
14:48 Feudal Age
15:46 Town Watch
16:36 Wheelbarrow
17:08 Horse Collar
20:31 Castle Age
21:36 Double-Bit Axe
22:15 Gold Mining
22:55 Bloodlines
23:14 Heavy Plow
23:57 Town Patrol
25:43 Bow Saw
26:36 Hand Cart
27:56 Gold Shaft Mining
27:16 Stone Mining
33:05 Imperial Age
31:24 Marauders
31:59 Murder Holes
32:25 Ballistics
32:34 Scale Barding Armor
32:39 Forging
32:21 Fletching
33:16 Husbandry
34:09 Chain Barding Armor
34:25 Iron Casting
33:47 Bodkin Arrow
35:51 Elite Tarkan
37:12 Plate Barding Armor
38:03 Blast Furnace
37:29 Conscription
37:50 Bracer
40:15 Atheism
44:07 Masonry
44:59 Chemistry
44:04 Padded Archer Armor
stankms
3:37 Loom
8:02 Loom
10:16 Feudal Age
11:35 Double-Bit Axe
14:16 Wheelbarrow
18:17 Castle Age
18:24 Scale Barding Armor
19:32 Town Watch
23:25 Horse Collar
27:15 Bow Saw
27:08 Heavy Plow
31:02 Hand Cart
34:33 Imperial Age
34:04 Padded Archer Armor
34:43 Leather Archer Armor
35:17 Redemption
35:49 Ring Archer Armor
36:14 Fletching
36:37 Stone Mining
36:37 Gold Mining
38:16 Bodkin Arrow
39:49 Conscription
39:30 Elite Conquistador
47:16 Bloodlines
47:07 Husbandry
48:11 Chain Barding Armor
47:52 Bracer
48:54 Chemistry
48:17 Ballistics
51:04 Masonry
50:53 Light Cavalry
philber
5:14 Loom
12:22 Feudal Age
17:56 Castle Age
17:46 Gold Mining
17:44 Double-Bit Axe
21:42 Bow Saw
23:56 Husbandry
24:44 Wheelbarrow
26:24 Scale Barding Armor
27:15 Hand Cart
28:07 Forging
28:18 Chain Barding Armor
32:42 Gold Shaft Mining
36:06 Imperial Age
34:40 Iron Casting
36:13 Cavalier
37:34 Plate Barding Armor
38:11 Conscription
38:36 Paladin
44:45 Blast Furnace
HotHardFatherDaddy
6:54 Loom
12:15 Feudal Age
14:04 Double-Bit Axe
17:42 Horse Collar
19:32 Wheelbarrow
21:08 Forging
21:11 Bloodlines
23:25 Castle Age
24:03 Scale Mail Armor
23:41 Pikeman
24:22 Squires
25:00 Bow Saw
24:51 Heavy Plow
25:37 Chain Mail Armor
29:13 Iron Casting
32:31 Hand Cart
34:57 Town Watch
35:39 Gold Mining
38:27 Imperial Age
38:50 Elite Obuch
41:19 Plate Mail Armor
43:08 Blast Furnace
44:54 Arson
WololoPy
0:44 Loom
10:43 Feudal Age
11:40 Double-Bit Axe
12:34 Fletching
13:01 Gold Mining
19:24 Padded Archer Armor
25:01 Castle Age
25:27 Crossbowman
26:04 Bodkin Arrow
26:24 Leather Archer Armor
34:29 Leather Archer Armor
39:51 Imperial Age
40:30 Wheelbarrow
40:37 Bow Saw
40:09 Horse Collar
40:11 Arbalester
42:37 Hand Cart
42:07 Elite Skirmisher
42:47 Imperial Skirmisher
44:42 Bracer
45:12 Ring Archer Armor
Xavier Mylaw
7:08 Loom
10:07 Feudal Age
15:28 Castle Age
13:20 Double-Bit Axe
15:22 Horse Collar
25:09 Wheelbarrow
24:39 Gold Mining
24:53 Heavy Plow
26:31 Bow Saw
26:56 Scale Mail Armor
27:30 Forging
28:02 Squires
30:17 Hand Cart
30:46 Stone Mining
31:31 Gold Shaft Mining
32:05 Chain Mail Armor
32:26 Iron Casting
33:23 Stone Shaft Mining
34:11 Iron Casting
37:04 Imperial Age
37:15 Elite Gbeto
38:16 Conscription
38:29 Plate Mail Armor
39:43 Chemistry
38:54 Arson
40:20 Masonry
QQ12346908
12:24 Feudal Age
12:32 Loom
19:42 Castle Age
17:32 Double-Bit Axe
17:35 Horse Collar
19:00 Stone Mining
24:37 Bow Saw
31:42 Heavy Plow
32:00 Gold Mining
33:14 Scale Mail Armor
35:42 Wheelbarrow
35:20 Crossbowman
36:03 Town Watch
40:24 Imperial Age
37:47 Fletching
38:01 Padded Archer Armor
38:39 Ballistics
38:58 Squires
39:16 Hand Cart
40:41 Thumb Ring
41:33 Gold Shaft Mining
41:36 Crop Rotation
41:45 Stone Shaft Mining
41:53 Arbalester
42:37 Bodkin Arrow
42:58 Leather Archer Armor
44:24 Chemistry
44:53 Conscription
46:26 Bracer
46:57 Ring Archer Armor
46:43 Forging
47:18 Elite Kamayuk
48:59 Chain Mail Armor
Connection lost

Rejoining the realm…

Still unreachable

The connection could not be restored.

Session expired

The server has moved on; the page needs a fresh start.